 Dungeon Crawl Stone Soup version 0.31-a0-435-g2c6fae2916 (webtiles) character file.

Game seed: 16005782940818536989

196 Maxmaps the Insei (level 5, -52/36 HPs)
             Began as an Octopode Monk on Aug 2, 2023.
             Killed by an exploding goblin (55 damage)
             ... ignited by their inner flame
             ... on level 4 of the Dungeon.
             The game lasted 00:02:15 (2899 turns).

Maxmaps the Insei (Octopode Monk)                   Turns: 2899, Time: 00:02:17

Health: -52/36     AC:  1    Str: 10    XL:     5   Next: 75%
Magic:  14/14      EV: 14    Int: 14    God:
Gold:   206        SH:  5    Dex: 15    Spells: 4/4 levels left

rFire   . .          .
                       - Unarmed
rCold   + . .        (no shield)
rNeg    . . .        (helmet restricted)
rPois   .            i - amulet of reflection
rElec   .            m - ring of protection from cold
rCorr   .            n - ring of wizardry
SInv    .            o - ring of magical power
Will    .....        (no ring)
Stlth   +++          (no ring)
HPRegen 0.26/turn    (no ring)
MPRegen 0.14/turn    (no ring)
                     (no ring)

%: reflection, wizardry (x1)
@: no status effects
A: almost no armour, amphibious, 8 rings, camouflage 1, gelatinous body 1,
(nimble swimmer 1), tentacles
a: no special abilities


You were on level 4 of the Dungeon.
You visited 1 branch of the dungeon, and saw 4 of its levels.

You collected 206 gold pieces.

Inventory:

Armour
 b - an orb of light
Jewellery
 c - a ring of ice
 i - an amulet of reflection (around mantle)
 m - a ring of protection from cold (left tentacle)
 n - a ring of wizardry (right tentacle)
 o - a ring of magical power (on tentacle)
Scrolls
 p - a scroll of enchant armour {unknown}
Potions
 a - a potion of ambrosia
 h - a potion of curing


   Skills:
 - Level 3.0 Fighting
 - Level 3.0 Dodging
 - Level 3.1 Stealth
 + Level 5.7 Unarmed Combat


You had 4 spell levels left.
You didn't know any spells.
Your spell library contained the following spells:

 Spells                   Type           Power      Damage    Failure   Level
 Sandblast                Erth           0%         2d4       12%         1
 Passwall                 Tmut/Erth      0%         N/A       17%         2
 Stone Arrow              Conj/Erth      0%         3d7       32%         3


Dungeon Overview and Level Annotations

Branches:
Dungeon (4/15)
 Temple: D:4-7

Altars:
Cheibriados
Makhleb


Innate Abilities, Weirdness & Mutations

You cannot wear most types of armour.
You are amphibious.
You can wear up to eight rings at the same time.
Your skin changes colour to match your surroundings (Stealth+).
Your rubbery body absorbs attacks. (AC +1, EV +1)
((You are camouflaged when in or above water. (Stealth+)))
You have tentacles for arms and can constrict up to eight enemies at once.


Message History

As you read the scroll labelled JAPUCUREPS, it crumbles to dust.
You hear a loud clanging noise!
It was a scroll of noise.
You hear a bark! x2; You hear an angry hiss.
You hear a shout!
The air fills with toxic fumes!
As you read the scroll labelled NEGGYA PYRANK, it crumbles to dust.
It was a scroll of poison.
As you read the scroll labelled OHILAS MIBUU, it dissolves into smoke.
It was a scroll of fog.
As you read the scroll labelled QANYUJ NOCVYU, it crumbles to dust.
You feel aware of your surroundings.
It was a scroll of revelation.
Unknown command.
Unknown command.
As you read the scroll labelled IBBAMARCHAI, it crumbles to dust.
Wisps of shadow whirl around you...
It was a scroll of summoning.
Unknown command.
As you read the scroll labelled RAQION KEEFOPHIV, it crumbles to dust.
The creatures around you are filled with an inner flame!
It was a scroll of immolation.
Your ball python is engulfed in poison gas.
Your ball python is poisoned.
Flame seeps out of your ball python.
Your goblin is engulfed in poison gas.
Your goblin is poisoned.
Flame seeps out of your goblin.
As you read the scroll labelled AJEIGY HOMIUR, it crumbles to dust.
It is a scroll of identify.
h - a potion of curing Your ball python is engulfed in poison gas.
Your ball python looks even sicker.
Your ball python's corpse dissolves into shadows!
Your ball python explodes!
The fiery explosion engulfs your goblin!!!
Your goblin's corpse dissolves into shadows!
The fiery explosion engulfs you!!
Ouch! That really hurt!
* * * LOW HITPOINT WARNING * * *
Your goblin explodes!
The fiery explosion engulfs you!!!
Ouch! That really hurt!
You die...

*,,,,*,,,,,,*,,,,*,,,,,*
#....#......+..,,*,,,,,*
*******#....###..###.#*+*,,,,,*
*,,,,,,...#####..###.#*,***,,,,
*,,,,,,...#h..h...#...,,,,*,,,,
*,,,,,,§..#.......#...,,,,*,,,,
*,,,,,,§§§#+#######..#*****,,,,
*****,,§§§§§§§§§§#####,,,,,,,,,
*,,§§§§§§§@§§+...#,,,,>,,,,
*,,§§§§§§☼§§§#...+,,,,,,,,,
*,,§§☼☼☼§§§§§#...#,,,,,,,,,
*****,,§§§§§§§☼§§#####.,,,,,,,,
*,,,,,,#######§§§☼.....,,******
*,,,,,,#######§§§§☼....,,+,,,,,
*,,,,,,#######§☼☼§§§...,,*,,,,,
*,,,,,,#######§§§§§§☼..,,******
******** ##########***


There were no monsters in sight!

Vanquished Creatures
  A jelly (D:3)
  An iguana (D:3)
  Jessica (D:2)
  3 adders
  A worm (D:3)
  2 dart slugs
  2 orcs
  9 endoplasms
  3 giant cockroaches
  8 goblins
  10 hobgoblins
  3 quokkas
  9 ball pythons
  6 bats
  4 frilled lizards
  5 kobolds
  5 rats
73 creatures vanquished.

Notes
Turn   | Place    | Note
-------+----------+-------------------------------------------
     0 | D:1      | Maxmaps the Octopode Monk began the quest for the Orb.
     0 | D:1      | Reached XP level 1. HP: 16/16 MP: 1/1
    39 | D:1      | Reached skill level 1 in Stealth
    83 | D:1      | Reached XP level 2. HP: 15/21 MP: 2/2
   545 | D:1      | Found a faded altar of an unknown god.
   685 | D:2      | Reached XP level 3. HP: 19/26 MP: 3/3
   732 | D:2      | Found a snail-covered altar of Cheibriados.
   992 | D:2      | Noticed Jessica
   999 | D:2      | Killed Jessica
  1000 | D:2      | Reached skill level 4 in Unarmed Combat
  1000 | D:2      | Reached XP level 4. HP: 29/31 MP: 4/4
  1698 | D:3      | Found a burning altar of Makhleb.
  2053 | D:3      | Reached skill level 5 in Unarmed Combat
  2053 | D:3      | Reached XP level 5. HP: 15/36 MP: 5/5
  2899 | D:4      | Killed by an exploding goblin... ignited by their inner
                  | flame

Illustrated notes

Levels and vault maps discovered:
D:1:      grunt_arrival_crossed_arrows, layout_loops_ring,
          dreamdust_ecumenical_altar_grove
D:2:      layout_basic, basic_altar, nicolae_concentric_dashed_squares_mild,
          minmay_cut_off, uniq_jessica
D:3:      minmay_razor_zed, layout_basic, bloody_makhleb, corexii_hall_statues_i
D:4:      layout_gridville

Skill      XL: |  1  2  3  4 |
---------------+-------------+-----
Stealth        | 2 3 |  3.1
Unarmed Combat | 4 5 |  5.7
Fighting       | |  3.0
Dodging        | |  3.0

Action                     |  1- 3 |  4- 6 || total
---------------------------+-------+-------++-------
  Melee: Unarmed           |    66 |    87 ||   153
         Constrict         |    18 |    20 ||    38
         Tentacles         |     9 |    23 ||    32
         Punch             |     3 |     5 ||     8
    Use: Scroll            |       |     7 ||     7
   Stab: Sleeping          |     6 |    17 ||    23
 Armour: Skin              |     8 |     3 ||    11
  Dodge: Dodged            |    43 |    36 ||    79
  Block: Other             |       |     7 ||     7

Table legend: (Time is in decaauts)
 A = Elapsed time spent in this place.
 B = Non-inter-level travel time spent in this place.
 C = Inter-level travel time spent in this place.
 D = Time resting spent in this place.
 E = Time spent auto-exploring this place.
 F = Levels seen in this place.
 G = Mean time per level.
                   A        B        C        D        E       F      G
               +--------+--------+--------+--------+--------+-----+--------+
         Total |   2885 |   2818 |     67 |      0 |   2346 |   4 |  721.2 |
       Dungeon |   2885 |   2818 |     67 |      0 |   2346 |   4 |  721.2 |
               +--------+--------+--------+--------+--------+-----+--------+

Top non-repeatable levels by time:
     D:3: 1166 daAuts
     D:2: 1034 daAuts
     D:1: 657 daAuts
     D:4: 26 daAuts
